[Event "Dos Hermanas Internet Tournament:  final knockout stage"]
[Site "Internet Chess Club"]
[Date "2002.03.22"]
[Round "1b"]
[White "A-Rustemov"]
[Black "Peon-Dorado"]
[Result "1-0"]
[ICCResult "Black resigns"]
[WhiteElo "3169"]
[BlackElo "2707"]
[Opening "King's Indian: fianchetto, Yugoslav Panno"]
[ECO "E66"]
[NIC "KI.66"]
[Time "15:32:29"]
[TimeControl "480+2"]

1. d4 Nf6 2. Nf3 g6 3. g3 Bg7 4. Bg2 O-O 5. c4 d6 6. Nc3 c5 7. O-O Nc6 8. d5
Na5 9. Nd2 a6 10. Qc2 Rb8 11. b3 b5 12. Bb2 Bh6 13. f4 bxc4 14. bxc4 e5 15.
dxe6 Bxe6 16. Nd5 Rxb2 17. Qxb2 Bg7 18. Qa3 Nxc4 19. Nxc4 Nxd5 20. Rac1 Nb4
21. Rfd1 d5 22. Kh1 Qe7 23. Ne5 Rc8 24. Nd3 Nxd3 25. exd3 Qa7 26. Rc2 Bd4
27. h3 h5 28. h4 Rb8 29. Kh2 Rb4 30. Qa5 Qb6 31. Qxb6 Rxb6 32. Rdc1 Rb5 33.
Bh3 f5 34. Re1 Bf7 35. Re7 a5 36. Bg2 c4 37. dxc4 dxc4 38. Rd2 Bf6 39. Rc7
Rb2 40. Rdd7 Be8 41. Rd6 Bg7 42. Kh3 c3 43. Rd8 Re2 44. Bc6 Kf8 45. Rcc8 c2
46. Bxe8 Bf6 47. Bb5+ Bxd8 48. Bxe2 Ke7 49. Rxc2 {Black resigns} 1-0

[Event "Dos Hermanas Internet Tournament:  final knockout stage"]
[Site "Internet Chess Club"]
[Date "2002.03.22"]
[Round "1b"]
[White "Adla"]
[Black "Belov"]
[Result "1-0"]
[ICCResult "Black resigns"]
[WhiteElo "2627"]
[BlackElo "2931"]
[Opening "English, 1...Nf6 (Anglo-Indian defense)"]
[ECO "A15"]
[NIC "EO.64"]
[Time "15:32:29"]
[TimeControl "480+2"]

1. c4 Nf6 2. g3 c6 3. Nf3 d5 4. Qc2 Bg4 5. Bg2 Nbd7 6. O-O e6 7. d3 Bd6 8.
Nbd2 O-O 9. b3 Qe7 10. a3 e5 11. e4 dxe4 12. dxe4 a5 13. h3 Bxf3 14. Nxf3
Nc5 15. Nh4 g6 16. Bb2 Ne6 17. Nf3 Nd7 18. h4 c5 19. Bh3 Nd4 20. Qd3 f5 21.
Nxd4 cxd4 22. exf5 Nc5 23. Qd1 gxf5 24. b4 axb4 25. axb4 Rxa1 26. Bxa1 Ne4
27. c5 Bc7 28. Bxf5 Nf6 29. Bb2 Qg7 30. Bc1 Kh8 31. Bg5 Nd5 32. Be4 Nxb4 33.
Qh5 Na6 34. Ra1 Qf7 35. Bf6+ {Black resigns} 1-0

[Event "Dos Hermanas Internet Tournament:  final knockout stage"]
[Site "Internet Chess Club"]
[Date "2002.03.22"]
[Round "1b"]
[White "Azmaiparashvili"]
[Black "Lepikson"]
[Result "1-0"]
[ICCResult "Black resigns"]
[WhiteElo "3058"]
[BlackElo "2565"]
[Opening "English: Carls' Bremen system"]
[ECO "A22"]
[NIC "EO.10"]
[Time "15:32:40"]
[TimeControl "480+2"]

1. c4 e5 2. Nc3 Nf6 3. g3 d6 4. Bg2 Be7 5. Nf3 c6 6. O-O Bg4 7. h3 Bh5 8. d4
Nbd7 9. Nh4 O-O 10. Nf5 Re8 11. g4 Bg6 12. e4 Qc7 13. Be3 Nf8 14. d5 cxd5
15. cxd5 N6d7 16. Nb5 Qb8 17. Nxe7+ Rxe7 18. Rc1 Nb6 19. Qb3 f6 20. Rc3 Be8
21. Rfc1 Bxb5 22. Qxb5 Qd8 23. a4 Ng6 24. a5 Nd7 25. b4 Nf4 26. Bf1 Nf8 27.
a6 bxa6 28. Qxa6 Qe8 29. Rc8 Rxc8 30. Rxc8 Qg6 31. Qxd6 Re8 32. Rxe8 Qxe8
33. Bxf4 exf4 34. Qxf4 Ng6 35. Qe3 Qe5 36. Qxa7 h5 37. Qd7 Qd4 38. Qe6+ Kh7
39. Qf5 {Black resigns} 1-0

[Event "Dos Hermanas Internet Tournament:  final knockout stage"]
[Site "Internet Chess Club"]
[Date "2002.03.22"]
[Round "1b"]
[White "Wayfarer"]
[Black "Digo"]
[Result "1/2-1/2"]
[ICCResult "Game drawn by mutual agreement"]
[WhiteElo "3004"]
[BlackElo "2959"]
[Opening "Petrov: Cozio (Lasker) attack"]
[ECO "C42"]
[NIC "RG.03"]
[Time "15:36:29"]
[TimeControl "480+2"]

1. e4 e5 2. Nf3 Nf6 3. Nxe5 d6 4. Nf3 Nxe4 5. Qe2 Qe7 6. d3 Nf6 7. Bg5 Nbd7
8. Nc3 Qxe2+ 9. Bxe2 h6 10. Bd2 c6 11. O-O-O d5 12. Rhe1 Nc5 13. d4 Ne6 14.
Bd3 Be7 15. h3 Bd7 16. Ne2 O-O 17. Ng3 Rfe8 18. Nf5 Bf8 19. Ne5 Rad8 20.
Nxd7 Rxd7 21. c3 Nc7 22. Rxe8 Ncxe8 23. Re1 Nd6 24. Nxd6 Bxd6 25. g3 Kf8 26.
Bf5 Re7 27. Rxe7 Kxe7 28. h4 Ne4 29. Be3 h5 30. Kd1 g6 31. Bc8 b6 32. Ke2
Kd8 33. Bh3 f5 34. Bf1 Ke7 35. Kf3 b5 36. Bd3 Ke6 37. Bc2 a6 38. Bh6 Bc7 39.
Be3 Bd6 40. Ke2 Bc7 41. Bh6 Bd6 42. Kf3 Bc7 43. Bc1 Bd6 44. Ke2 Bc7 45. Bh6
Bd6 46. Bd3 Bc7 47. Bd2 Bd6 48. Be1 Bc7 49. Kf3 Bd6 50. Kg2 Bc7 51. f3 Nf6
52. Bd2 Bd6 53. Bg5 Bc7 54. Kf2 Bd6 55. b3 Bc7 56. Bd2 Bd6 57. c4 Bc7 58.
cxb5 cxb5 59. a4 bxa4 60. bxa4 a5 61. Bf4 Bxf4 62. gxf4 Ne8 63. Ke3 Nd6 64.
Kd2 Ke7 {Game drawn by mutual agreement} 1/2-1/2

[Event "Dos Hermanas Internet Tournament:  final knockout stage"]
[Site "Internet Chess Club"]
[Date "2002.03.22"]
[Round "1b"]
[White "Hyxiom"]
[Black "Bochkarev"]
[Result "1-0"]
[ICCResult "Black resigns"]
[WhiteElo "2845"]
[BlackElo "2842"]
[Opening "Sicilian: Taimanov variation"]
[ECO "B46"]
[NIC "SI.39"]
[Time "15:32:31"]
[TimeControl "480+2"]

1. e4 c5 2. Nf3 Nc6 3. d4 cxd4 4. Nxd4 e6 5. Nc3 a6 6. Be2 Qc7 7. O-O Nf6 8.
Be3 Be7 9. f4 d6 10. a4 O-O 11. Qe1 Nxd4 12. Bxd4 e5 13. fxe5 dxe5 14. Qg3
Bc5 15. Bxc5 Qxc5+ 16. Kh1 Ne8 17. Nd5 Be6 18. Qxe5 Bxd5 19. exd5 Qxc2 20.
d6 Nxd6 21. Rac1 Qg6 22. Bf3 Rad8 23. Rc7 Rfe8 24. Qf4 Qd3 25. Bxb7 g6 26.
h3 Nf5 27. Kh2 Rd4 28. Rf3 Qb1 29. Qc1 Qxc1 30. Rxc1 Rxa4 31. Rc7 Rb4 32.
Bd5 Rf8 33. b3 a5 34. g4 Nd4 35. Rfxf7 Rxf7 36. Rxf7 h6 37. Ra7+ Kh8 38.
Rxa5 Nxb3 39. Ra6 Kg7 40. Ra7+ Kf6 41. Ra6+ Kg7 42. Kg3 Nc5 43. Rc6 Ne4+ 44.
Kf3 Ng5+ 45. Kg3 Rd4 46. Bc4 Ne4+ 47. Kg2 Nd6 48. Bb3 h5 49. g5 h4 50. Bc2
Rd5 51. Kf3 Kf8 52. Bxg6 Nb5 53. Kg4 Nd4 54. Rc8+ Kg7 55. Be4 Re5 56. Kf4
Re7 57. Bd5 Ne2+ 58. Kg4 Rd7 59. Bc4 Rd4+ 60. Kf5 Ng3+ 61. Ke5 Re4+ 62. Kd5
Rf4 63. Bd3 Rf3 64. Rc7+ Kf8 65. Bc2 Nf1 66. Ke5 Rxh3 67. Kf6 Rf3+ 68. Bf5
Re3 69. g6 Ng3 70. Rc8+ Re8 71. g7+ {Black resigns} 1-0

[Event "Dos Hermanas Internet Tournament:  final knockout stage"]
[Site "Internet Chess Club"]
[Date "2002.03.22"]
[Round "1b"]
[White "Contora"]
[Black "Champbuster"]
[Result "1/2-1/2"]
[ICCResult "Game drawn by mutual agreement"]
[WhiteElo "2750"]
[BlackElo "2890"]
[Opening "Queen's Indian: 4.Nc3, main line"]
[ECO "E13"]
[NIC "NI.26"]
[Time "15:32:29"]
[TimeControl "480+2"]

1. d4 Nf6 2. c4 e6 3. Nf3 b6 4. Nc3 Bb4 5. Bg5 h6 6. Bh4 Bb7 7. Nd2 Bxc3 8.
bxc3 d6 9. f3 Nbd7 10. e4 e5 11. Be2 Nf8 12. Bf2 Ne6 13. g3 O-O 14. Nf1 c5
15. d5 Nc7 16. g4 Qd7 17. Rb1 Nh7 18. Ng3 Rfb8 19. h4 Bc8 20. Qd2 Qe7 21.
Be3 a6 22. g5 hxg5 23. hxg5 b5 24. Bd3 Nf8 25. Qh2 f6 26. Qh8+ Kf7 27. gxf6
Qxf6 28. Nh5 Ng6 29. Qh7 Nf8 30. Nxf6 Nxh7 31. Nxh7 bxc4 32. Ng5+ Kf6 33.
Bc2 Rxb1+ 34. Bxb1 Bd7 35. Kd2 Rb8 36. Bc2 Rb2 37. Kc1 Rxa2 38. Rh8 Nb5 39.
Rf8+ Ke7 40. Rf7+ Ke8 41. Rxg7 Nxc3 42. Bd2 Ba4 43. Rg8+ Ke7 44. Bxa4 Nxa4
45. Ba5 Ra1+ 46. Kc2 Ra2+ 47. Kb1 Rg2 48. Bd8+ Kd7 49. Rg7+ Kc8 50. Ba5 Rg1+
51. Kc2 Rg2+ 52. Kc1 Rg1+ 53. Kc2 Rg2+ 54. Kd1 Nb2+ 55. Ke1 Nd3+ 56. Kf1 Ra2
57. Rg8+ Kb7 58. Rg7+ Kc8 59. Rg8+ Kb7 60. Nf7 Rxa5 61. Nxd6+ Kc7 62. Nxc4
Ra1+ 63. Ke2 Nf4+ 64. Ke3 Re1+ 65. Kd2 Re2+ 66. Kc3 Kb7 67. Rg7+ Kc8 68.
Nxe5 Nxd5+ 69. exd5 Rxe5 70. Kc4 Rf5 71. Kxc5 Rxf3 72. Kc6 Rc3+ 73. Kd6 Rh3
74. Rg8+ Kb7 75. Rg7+ Kc8 76. Rg8+ Kb7 77. Ke7 Rh7+ 78. Ke6 Rh6+
{Game drawn by mutual agreement}
1/2-1/2

[Event "Dos Hermanas Internet Tournament:  final knockout stage"]
[Site "Internet Chess Club"]
[Date "2002.03.22"]
[Round "1b"]
[White "Reiko"]
[Black "Specialist"]
[Result "1-0"]
[ICCResult "Black resigns"]
[WhiteElo "3215"]
[BlackElo "2831"]
[Opening "French: Winawer, advance, positional main line"]
[ECO "C19"]
[NIC "FR.12"]
[Time "15:32:29"]
[TimeControl "480+2"]

1. e4 e6 2. d4 d5 3. Nc3 Bb4 4. e5 c5 5. a3 Bxc3+ 6. bxc3 Ne7 7. Nf3 Qc7 8.
a4 h6 9. Bd3 b6 10. a5 Ba6 11. axb6 axb6 12. Bxa6 Rxa6 13. Rxa6 Nxa6 14. O-O
O-O 15. Qe2 Nb8 16. Be3 Rc8 17. Qb5 Nd7 18. Ra1 Qc6 19. Qxc6 Nxc6 20. Kf1
Kf8 21. Ra4 Ke7 22. Ke2 Kd8 23. Kd2 Kc7 24. h4 b5 25. Ra1 Nb6 26. dxc5 Nc4+
27. Ke2 Kb7 28. Bd4 Ra8 29. Rb1 Ra5 30. h5 Ka6 31. Nd2 N4xe5 32. f4 Nxd4+
33. cxd4 Nc6 34. Kd3 b4 35. g4 Ra3+ 36. Nb3 Kb5 37. g5 Na5 38. Rb2 Nc4 39.
Rb1 Na5 40. Kd2 Kc4 41. Nxa5+ Rxa5 42. Rb3 Ra1 43. gxh6 gxh6 44. Rd3 Rg1 45.
Ke2 Rg2+ 46. Kd1 Rg1+ 47. Kd2 Rg2+ 48. Kc1 Rg4 49. Kb2 Rxf4 50. c6 Rg4 51.
Rf3 Rg8 52. Rxf7 Rc8 53. Rf6 Rxc6 54. Rxh6 Kxd4 55. Rg6 Ke5 56. h6 Rc8 57.
h7 Rh8 58. Rh6 Kf5 59. Kb3 Kg5 60. Rxe6 Rxh7 61. Re5+ Kf6 62. Rxd5 Ke6 63.
Rb5 Rh2 64. Rxb4 Kd6 65. Rc4 Rh1 66. Rg4 Kc5 67. Rg5+ Kc6 68. Kb4 Rh4+ 69.
c4 Rh6 70. Ra5 Kc7 71. Kb5 Rb6+ 72. Kc5 Rc6+ 73. Kd4 Rd6+ 74. Ke5 Rc6 75. c5
Rh6 76. Kd5 Rh5+ 77. Kc4 Rh4+ 78. Kb5 Kb7 79. Ra1 Rh2 80. Rd1 Rb2+ 81. Kc4
Kc6 82. Rd6+ Kc7 83. Rg6 Rh2 84. Re6 Rh1 85. Re7+ Kc6 86. Re6+ Kc7 87. Re4
Rh2 88. Rg4 Rh1 89. Rg7+ Kc6 90. Rg6+ Kc7 91. Rg3 Rh2 92. Rd3 Rh1 93. Rb3
Rh4+ 94. Kb5 Rh5 95. Rg3 Rf5 96. Rg7+ Kc8 97. Kb6 Rf1 98. Rg8+ Kd7 99. c6+
Kd6 100. Rd8+ Ke7 101. c7 Rb1+ 102. Ka5 Ra1+ 103. Kb4 Rb1+ 104. Ka3
{Black resigns}
1-0

[Event "Dos Hermanas Internet Tournament:  final knockout stage"]
[Site "Internet Chess Club"]
[Date "2002.03.22"]
[Round "1c"]
[White "Beeblebrox"]
[Black "Igrok"]
[Result "0-1"]
[ICCResult "White resigns"]
[WhiteElo "2397"]
[BlackElo "2982"]
[Opening "Caro-Kann: advance variation"]
[ECO "B12"]
[NIC "CK.04"]
[Time "16:00:05"]
[TimeControl "300+0"]

1. e4 c6 2. d4 d5 3. e5 Bf5 4. Nf3 e6 5. Be2 Ne7 6. O-O h6 7. Nbd2 Bg6 8. c4
Nd7 9. b3 Nf5 10. Bb2 Bb4 11. Rc1 Qe7 12. cxd5 exd5 13. Ne1 h5 14. Nd3 a5
15. Nf3 Nh4 16. Nc5 Nxf3+ 17. Bxf3 Bxc5 18. dxc5 Nf8 19. Re1 Ne6 20. Bd4 Bf5
21. h3 Qg5 22. Re2 Bxh3 23. Kf1 Nxd4 24. Re3 Nxf3 25. gxh3 Qg1+ 26. Ke2
Qxd1+ 27. Rxd1 Ng5 28. h4 Ne6 29. Rc1 g6 30. Rec3 Ke7 31. Ke3 d4+
{White resigns}
0-1

[Event "Dos Hermanas Internet Tournament:  final knockout stage"]
[Site "Internet Chess Club"]
[Date "2002.03.22"]
[Round "1c"]
[White "Contora"]
[Black "Champbuster"]
[Result "0-1"]
[ICCResult "White resigns"]
[WhiteElo "2750"]
[BlackElo "2890"]
[Opening "French: Tarrasch, open variation"]
[ECO "C07"]
[NIC "FR.18"]
[Time "16:00:23"]
[TimeControl "300+0"]

1. d4 e6 2. e4 d5 3. Nd2 c5 4. Ngf3 cxd4 5. Nxd4 Nf6 6. exd5 Qxd5 7. Nb5 Na6
8. c4 Qf5 9. Be2 Bd7 10. O-O Bxb5 11. cxb5 Nc5 12. b4 Nd3 13. Nc4 Nxb4 14.
Nd6+ Bxd6 15. Qxd6 Nbd5 16. Ba3 Ne4 17. Bd3 Nxd6 18. Bxf5 Nxf5 19. Rfd1 Kd7
20. Rd3 Rhc8 21. Rad1 Rc2 22. g4 Ne7 23. f4 Rac8 24. f5 R8c3 25. Rxc3 Rxc3
26. Bb2 Rc4 27. h3 g6 28. f6 Nc8 29. Bd4 b6 30. a3 Nd6 31. Be5 Nxb5 32. Rd3
Nd6 33. Kf1 Ne4 34. Ke2 Nc5 {White resigns} 0-1

[Event "Dos Hermanas Internet Tournament:  final knockout stage"]
[Site "Internet Chess Club"]
[Date "2002.03.22"]
[Round "1c"]
[White "Reiko"]
[Black "Specialist"]
[Result "1-0"]
[ICCResult "Black resigns"]
[WhiteElo "3215"]
[BlackElo "2831"]
[Opening "French: King's Indian attack"]
[ECO "C00"]
[NIC "FR.02"]
[Time "16:01:07"]
[TimeControl "300+0"]

1. e4 e6 2. d3 c5 3. Nf3 Nc6 4. Be2 g6 5. c3 Bg7 6. O-O Nge7 7. Be3 d6 8. d4
cxd4 9. cxd4 d5 10. e5 O-O 11. Nc3 Nf5 12. Rc1 Bd7 13. Qd2 Na5 14. b3 Rc8
15. Bg5 Qb6 16. g4 h6 17. Bf6 Bxf6 18. exf6 g5 19. gxf5 exf5 20. Ne5 Be6 21.
h4 Kh7 22. hxg5 Rg8 23. f4 Nc6 24. Nxc6 Rxc6 25. Rf2 Qc7 26. Rh2 Rg6 27. Rh3
a6 28. Kf2 b5 29. Bh5 {Black resigns} 1-0

[Event "Dos Hermanas Internet Tournament:  final knockout stage"]
[Site "Internet Chess Club"]
[Date "2002.03.22"]
[Round "1c"]
[White "Digo"]
[Black "Wayfarer"]
[Result "1-0"]
[ICCResult "Black resigns"]
[WhiteElo "2959"]
[BlackElo "3004"]
[Opening "QGD: Tarrasch, Prague variation, 9.Bg5"]
[ECO "D34"]
[NIC "TD.03"]
[Time "16:00:44"]
[TimeControl "300+0"]

1. d4 d5 2. Nf3 e6 3. c4 c5 4. cxd5 exd5 5. Nc3 Nc6 6. g3 Nf6 7. Bg2 Be7 8.
O-O O-O 9. Bg5 Be6 10. dxc5 Bxc5 11. Rc1 Bb6 12. b3 d4 13. Ne4 Bd5 14. Nxf6+
gxf6 15. Bh6 Re8 16. Qd2 Be4 17. Nh4 Bg6 18. Rfd1 Qe7 19. Rxc6 bxc6 20. Bxc6
Rac8 21. Bxe8 Rxe8 22. Rc1 Qe5 23. Nf3 Qh5 24. Bf4 d3 25. Be3 dxe2 26. Qxe2
Qg4 27. Rc4 Qd7 28. Qd2 Qf5 29. Nd4 Bxd4 30. Rxd4 Qf3 31. Rf4 Qc6 32. h4 Qb6
33. Bxb6 {Black resigns} 1-0

[Event "Dos Hermanas Internet Tournament:  final knockout stage"]
[Site "Internet Chess Club"]
[Date "2002.03.22"]
[Round "1c"]
[White "Hyxiom"]
[Black "Bochkarev"]
[Result "1-0"]
[ICCResult "Black resigns"]
[WhiteElo "2845"]
[BlackElo "2842"]
[Opening "Sicilian: modern Scheveningen"]
[ECO "B58"]
[NIC "SI.22"]
[Time "16:00:09"]
[TimeControl "300+0"]

1. e4 c5 2. Nf3 Nc6 3. d4 cxd4 4. Nxd4 Nf6 5. Nc3 d6 6. Be2 e6 7. O-O Be7 8.
b3 O-O 9. Bb2 a6 10. a4 Bd7 11. Kh1 Qc7 12. f4 Rfd8 13. Nf3 Rac8 14. Qe1 Nb4
15. Rc1 Bc6 16. e5 dxe5 17. fxe5 Nfd5 18. Nxd5 Bxd5 19. c4 Bc6 20. Qf2 Nd3
21. Bxd3 Rxd3 22. Ne1 Rdd8 23. Qxf7+ Kh8 24. Qxe6 Bg5 25. Rc2 Qb6 26. Qg4
Bh6 27. e6 Rf8 28. Nf3 Qxb3 29. Re2 Qd3 30. Ree1 Rce8 31. h3 Kg8 32. e7 Rf7
33. Qe6 Qd7 34. Qxf7+ Kxf7 35. Ne5+ Ke6 36. Nxd7+ Kxd7 37. Rf7 Bxa4 38. Bxg7
Bg5 39. Bf8 Bc6 40. Rxh7 a5 41. h4 Bf6 42. h5 a4 43. Rf7 Bc3 44. Rc1 Bb2 45.
Rd1+ Ke6 46. Rf2 a3 47. h6 Be4 48. Re1 Ke5 49. Rfe2 Kf5 50. h7 Kg6 51. Rxb2
Kxh7 52. Ra2 {Black resigns} 1-0

[Event "Dos Hermanas Internet Tournament:  final knockout stage"]
[Site "Internet Chess Club"]
[Date "2002.03.22"]
[Round "1c"]
[White "panagulis"]
[Black "Akula"]
[Result "1-0"]
[ICCResult "Black forfeits on time"]
[WhiteElo "3058"]
[BlackElo "2804"]
[Opening "Ruy Lopez: modern Steinitz defense, fianchetto (Bronstein) variation"]
[ECO "C76"]
[NIC "RL.11"]
[Time "16:01:10"]
[TimeControl "300+0"]

1. e4 e5 2. Nf3 Nc6 3. Bb5 a6 4. Ba4 d6 5. c3 g6 6. d4 Bd7 7. d5 Nb8 8.
Bxd7+ Nxd7 9. c4 Bg7 10. Nc3 Ne7 11. O-O O-O 12. Ne1 f5 13. Nd3 Nf6 14. f3
c6 15. Be3 Qd7 16. a4 Rf7 17. Kh1 Raf8 18. Qe2 fxe4 19. fxe4 cxd5 20. cxd5
Ng4 21. Bg1 Nf6 22. a5 Bh6 23. Nf2 Nh5 24. Ng4 Bg5 25. Rxf7 Rxf7 26. g3 Kg7
27. Kg2 Nf6 28. Nf2 h5 29. Nh3 Bh6 30. Be3 Bxe3 31. Qxe3 Ng4 32. Qe2 Qc8 33.
Nd1 Kg8 34. Ng5 Rf8 35. Ne6 Rf7 36. h3 Nf6 37. Ng5 Rf8 38. Nc3 Nh7 39. Ne6
Rf7 40. Na4 Nf8 41. Nb6 Qe8 42. Ng5 Rf6 43. Rc1 Qd8 44. Qd2 Kg7 45. Qe2 Kg8
46. Rf1 Rxf1 47. Qxf1 Nf5 48. Qc1 Nd4 49. h4 Qf6 50. Qf1 Qxf1+ 51. Kxf1 Kg7
52. Nc4 Nb5 53. Ke2 Kf6 54. Kd3 Ke7 55. b4 Nd7 56. Ne3 Nf6 57. Nf3 Ng4 58.
Nxg4 hxg4 59. Nh2 Nd4 60. Nxg4 Nf3 61. Nf2 Ne1+ 62. Kd2 Nf3+ 63. Kc3 Nd4 64.
Kc4 Nf3 65. Ng4 Nd2+ 66. Kd3 Nf3 67. Ne3 Ne1+ 68. Ke2 Kf6 69. Kxe1
{Black forfeits on time}
1-0

[Event "Dos Hermanas Internet Tournament:  final knockout stage"]
[Site "Internet Chess Club"]
[Date "2002.03.22"]
[Round "1c"]
[White "Olegas"]
[Black "J-Becerra"]
[Result "1-0"]
[ICCResult "Black resigns"]
[WhiteElo "2525"]
[BlackElo "3149"]
[Opening "QGD Slav: 4.e3 Bf5"]
[ECO "D12"]
[NIC "QP.09"]
[Time "16:00:35"]
[TimeControl "300+0"]

1. Nf3 d5 2. d4 c6 3. c4 Nf6 4. e3 Bf5 5. Nc3 e6 6. Nh4 Bg4 7. Qb3 Qc7 8. h3
Bh5 9. g4 Bg6 10. Nxg6 hxg6 11. g5 Nfd7 12. e4 dxe4 13. Nxe4 Qb6 14. Qxb6
Nxb6 15. Bd2 N8d7 16. O-O-O Be7 17. f4 O-O-O 18. Be3 Kb8 19. b3 Rc8 20. Bg2
Rcd8 21. h4 Nc8 22. Bf3 Nd6 23. Nxd6 Bxd6 24. h5 gxh5 25. Bxh5 g6 26. Bf3
Kc7 27. Kc2 b6 28. Rxh8 Rxh8 29. Rh1 Rxh1 30. Bxh1 a6 31. Kd3 Nb8 32. Bf3
Nd7 33. Bd2 Nb8 34. Ke3 Nd7 35. Bc3 Bf8 36. Be2 b5 37. Bd3 Nb6 38. Ba5 Kb7
39. Ke4 Bg7 40. Be2 Nc8 41. Bb4 Kc7 42. a4 bxa4 43. bxa4 Kb7 44. a5 Kc7 45.
Bc5 Nd6+ 46. Bxd6+ Kxd6 47. c5+ Kc7 48. Bxa6 Kb8 49. Bc4 Kb7 50. Bb3 Bh8 51.
Ba4 Bg7 52. a6+ Kxa6 53. Bxc6 f6 54. gxf6 Bxf6 55. Bd7 g5 56. fxg5 Bxg5 57.
Bxe6 Kb7 58. Kd5 Kc7 59. Bf5 Bf4 60. Ke4 Bh2 61. Kd5 Bg1 62. Kc4 Bf2 63. d5
Bg3 64. Be4 Bf4 65. Bf3 Bh2 66. Kd3 Bg3 67. Ke3 Bh2 68. Kd3 Kd7 69. Bg2 Kc7
70. Be4 Bg3 71. Kc4 Bh2 72. Bg2 Bg3 73. Kd3 Bh2 74. Ke4 Kd7 75. Bh3+ Kc7 76.
Bf1 Kd7 77. Bb5+ Kc7 78. Kf5 Bg1 79. d6+ Kd8 80. c6 Bb6 81. Ke6 Ba5 82. Be2
Bb6 83. Bg4 Ba5 84. Kd5 Bb6 85. Kc4 {Black resigns} 1-0

[Event "Dos Hermanas Internet Tournament:  final knockout stage"]
[Site "Internet Chess Club"]
[Date "2002.03.22"]
[Round "2a"]
[White "panagulis"]
[Black "Crest"]
[Result "0-1"]
[ICCResult "White resigns"]
[WhiteElo "3043"]
[BlackElo "3090"]
[Opening "Sicilian: Najdorf, 7...Qb6"]
[ECO "B97"]
[NIC "SI.08"]
[Time "16:30:23"]
[TimeControl "480+2"]

1. e4 c5 2. Nf3 d6 3. d4 cxd4 4. Nxd4 Nf6 5. Nc3 a6 6. Bg5 e6 7. f4 Qb6 8.
Nb3 Be7 9. Be2 h6 10. Bxf6 Bxf6 11. Qd2 Nc6 12. O-O-O O-O 13. Bf3 a5 14. Na4
Qb4 15. Nc3 a4 16. a3 Qb6 17. Na1 Bd7 18. h4 Rfc8 19. g4 Bxc3 20. bxc3 Qc5
21. Qxd6 Qxc3 22. Rd3 Qxa1+ 23. Kd2 Qb2 24. Qxd7 Rd8 {White resigns} 0-1

[Event "Dos Hermanas Internet Tournament:  final knockout stage"]
[Site "Internet Chess Club"]
[Date "2002.03.22"]
[Round "2a"]
[White "Digo"]
[Black "D-Fridman"]
[Result "1/2-1/2"]
[ICCResult "Game drawn by mutual agreement"]
[WhiteElo "2961"]
[BlackElo "3007"]
[Opening "QGD Slav: 4.e3 Bf5"]
[ECO "D12"]
[NIC "SL.01"]
[Time "16:30:09"]
[TimeControl "480+2"]

1. d4 d5 2. c4 c6 3. e3 Nf6 4. Nf3 Bf5 5. Bd3 Bg6 6. O-O e6 7. Ne5 Nbd7 8.
f4 Bxd3 9. Qxd3 Ne4 10. Nd2 Ndf6 11. Nxe4 Nxe4 12. Bd2 Bd6 13. Nf3 O-O 14.
c5 Bc7 15. b4 a6 16. a4 f6 17. b5 g5 18. bxc6 bxc6 19. Rab1 Ra7 20. Bc1 Kh8
21. Nd2 f5 22. g3 Rg8 23. Nxe4 fxe4 24. Qe2 Qf6 25. Kh1 Bd8 26. Bd2 Qg6 27.
Qg4 h5 28. Qh3 g4 29. Qg2 Rh7 30. Rb8 h4 31. Be1 hxg3 32. Bxg3 Qf5 33. Rfb1
Rhg7 34. Kg1 Ba5 35. Qe2 Ra7 36. Rxg8+ Kxg8 37. Rb8+ Kh7 38. Qb2 Qf7 39. Kf2
Kg7 40. Ke2 Rc7 41. Kd1 Ra7 42. Qe2 Qf5 43. Qg2 Bc7 44. Rb3 Kh7 45. Rb2 Qh5
{Game drawn by mutual agreement}
1/2-1/2

[Event "Dos Hermanas Internet Tournament:  final knockout stage"]
[Site "Internet Chess Club"]
[Date "2002.03.22"]
[Round "2a"]
[White "Tripy"]
[Black "Reiko"]
[Result "1-0"]
[ICCResult "Black resigns"]
[WhiteElo "2795"]
[BlackElo "3185"]
[Opening "King's Indian: Andersson variation"]
[ECO "E92"]
[NIC "KI.18"]
[Time "16:30:13"]
[TimeControl "480+2"]

1. d4 g6 2. c4 Bg7 3. Nf3 Nf6 4. Nc3 O-O 5. e4 d6 6. Be2 e5 7. dxe5 dxe5 8.
Qxd8 Rxd8 9. Bg5 c6 10. Nxe5 Re8 11. O-O-O Na6 12. Nf3 Nc5 13. Bxf6 Bxf6 14.
Nd2 Bxc3 15. bxc3 Nxe4 16. Nxe4 Rxe4 17. Rd8+ Kg7 18. Bf3 Re5 19. Rhd1 h5
20. h4 Re6 21. Kc2 b6 22. R1d6 Rf6 23. Kb3 Bg4 24. Rxa8 Rxd6 25. Bxg4 hxg4
26. Rxa7 Rf6 27. c5 bxc5 28. Ra4 Rxf2 29. Rxg4 f5 30. Rg3 Kf6 31. a4 Rf4 32.
Rh3 Rf1 33. Rd3 Ke5 34. g3 Ra1 35. Rd8 Rb1+ 36. Kc4 Ra1 37. Kb3 Rb1+ 38. Kc4
Ra1 39. Kxc5 Rxa4 40. Re8+ Kf6 41. Re3 Ra6 42. Kd6 g5 43. hxg5+ Kxg5 44. c4
f4 45. gxf4+ Kxf4 46. Re8 Kf5 47. c5 Kf6 48. Kc7 Kf7 49. Re1 Kf6 50. Kb7 Ra2
51. Kxc6 Kf7 52. Kc7 {Black resigns} 1-0

[Event "Dos Hermanas Internet Tournament:  final knockout stage"]
[Site "Internet Chess Club"]
[Date "2002.03.22"]
[Round "2a"]
[White "Champbuster"]
[Black "Olegas"]
[Result "1/2-1/2"]
[ICCResult "Game drawn by repetition"]
[WhiteElo "2877"]
[BlackElo "2538"]
[Opening "Scotch game"]
[ECO "C45"]
[NIC "SO.05"]
[Time "16:30:13"]
[TimeControl "480+2"]

1. e4 e5 2. Nf3 Nc6 3. d4 exd4 4. Nxd4 Bc5 5. Nxc6 Qf6 6. Qd2 bxc6 7. Bd3
Ne7 8. O-O Ng6 9. Kh1 Ne5 10. Be2 d6 11. h3 Qh4 12. Qf4 Qxf4 13. Bxf4 O-O
14. Nd2 Be6 15. Rad1 a5 16. a4 f6 17. b3 Bb4 18. Bg3 Rfe8 19. f4 Nd7 20. Bf3
Rad8 21. Rfe1 Nc5 22. Bf2 Bf7 23. g3 Bg6 24. Re2 Bxd2 25. Bxc5 Bxf4 26. gxf4
dxc5 27. Rxd8 Rxd8 28. f5 Bf7 29. e5 fxe5 30. Rxe5 Bd5 31. Kg2 Kf7 32. c4
Kf6 33. Re3 Bxf3+ 34. Rxf3 Re8 35. Kg3 Re4 36. Kg2 h5 37. Rg3 Re2+ 38. Kf3
Rb2 39. Ke4 Re2+ 40. Kf3 Rd2 41. Ke4 Rd4+ 42. Ke3 Rh4 43. Rf3 Ke5 44. Ke2
Ke4 45. Rg3 Kxf5 46. Rxg7 Rxh3 47. Rxc7 Ke4 48. Rxc6 Kd4 49. Rb6 h4 50. Kf2
Rc3 51. Kg2 Rg3+ 52. Kh2 Re3 53. Rb5 h3 54. Rb8 Kc3 55. Rb5 Kd4 56. Rb8 Rf3
57. Rb5 Rd3 58. Rb8 Rf3 59. Rb5 Re3 60. Rb8 Rf3 61. Rb5 Rc3 62. Rb8 Rf3
{Game drawn by repetition}
1/2-1/2

[Event "Dos Hermanas Internet Tournament:  final knockout stage"]
[Site "Internet Chess Club"]
[Date "2002.03.22"]
[Round "2a"]
[White "Sapog"]
[Black "Azmaiparashvili"]
[Result "1/2-1/2"]
[ICCResult "Game drawn by repetition"]
[WhiteElo "2668"]
[BlackElo "3045"]
[Opening "Sicilian: Alapin's variation (2.c3)"]
[ECO "B22"]
[NIC "SI.46"]
[Time "16:30:29"]
[TimeControl "480+2"]

1. e4 c5 2. c3 d6 3. d4 Nf6 4. Bd3 g6 5. Nf3 Bg7 6. O-O O-O 7. h3 Nc6 8. Re1
e5 9. dxc5 dxc5 10. a4 Be6 11. Na3 Qe7 12. Bg5 h6 13. Bxf6 Bxf6 14. Bc4 Rfd8
15. Qe2 Na5 16. Rad1 Nxc4 17. Nxc4 Qc7 18. Ne3 Qc6 19. Qc2 c4 20. Ng4 Bxg4
21. hxg4 Qe6 22. Qe2 Kg7 23. Nd2 Rac8 24. Nf1 Bg5 25. Rxd8 Rxd8 26. Rd1 Qc6
27. Rxd8 Bxd8 28. Nd2 Qxa4 29. Nxc4 Bc7 30. g3 b5 31. Na3 a6 32. Kg2 Qb3 33.
Qc2 Qe6 34. Qe2 Bb6 35. Nc2 Bc5 36. Ne1 Bb6 37. Nc2 Bc5 38. Ne1 Bb6 39. Nd3
a5 40. Ne1 Qc6 41. Nf3 Qc5 42. Ne1 b4 43. Nd3 Qc4 44. cxb4 axb4 45. Kf3 Bd4
46. Qd2 b3 47. Ke2 Bb6 48. Qb4 Qc2+ 49. Qd2 Qc6 50. f3 Bd4 51. Qc1 Qa6 52.
Kd2 Qa5+ 53. Ke2 Qa6 54. Kd2 Qa5+ 55. Ke2 Qa6 56. Kd2 {Game drawn by
repetition} 1/2-1/2